 Dungeon Crawl Stone Soup version 0.22-a0-265-g0d8bc90 (webtiles) character file.

9219 JeffiDaFish the Slicer (level 11, -4/109 HPs)
             Began as a Kobold Berserker on Mar 7, 2018.
             Was an Elder of Trog.
             Slain by a blink frog (13 damage)
             ... on level 3 of the Lair of Beasts.
             The game lasted 00:18:08 (10270 turns).

JeffiDaFish the Slicer (Kobold Berserker)          Turns: 10270, Time: 00:18:09

Health: -4/109     AC: 10    Str: 22    XL:     11   Next: 70%
Magic:  14/14      EV: 19    Int:  8    God:    Trog [****..]
Gold:   602        SH:  0    Dex: 18    Spells: 10/10 levels left

rFire    + + .     SeeInvis +   i - +7 short sword
rCold    . . .     Gourm    .   (shield restricted)
rNeg     . . .     Faith    .   b - +1 scale mail {rF+}
rPois    .         Spirit   .   (helmet restricted)
rElec    .         Reflect  .   (no cloak)
rCorr    .         Harm     .   l - +0 pair of gloves
MR       .....     Rnd*Rage +   (no boots)
Stlth    ..........             (no amulet)
HPRegen  0.28/turn              m - ring of see invisible
MPRegen  0.14/turn              o - ring of protection from fire

@: berserking, very quick
A: small, horns 1, talons 1, agile 1, berserk 1, carnivore
a: Berserk, Trog's Hand, Brothers in Arms, Renounce Religion


You were on level 3 of the Lair of Beasts.
You worshipped Trog.
Trog was greatly pleased with you.
You were very full.

You visited 2 branches of the dungeon, and saw 11 of its levels.
You also visited: Labyrinth.

You collected 602 gold pieces.

Inventory:

Hand Weapons
 i - a +7 short sword (weapon)
 k - the +9 falchion "Vonunopa" {slice, +Rage rPois}
   (You found it on level 1 of the Lair of Beasts)

   It inflicts extra damage upon your enemies.
   It protects you from poison.
   It lets you go berserk.
Armour
 b - a +1 scale mail of fire resistance (worn)
 l - a +0 pair of gloves (worn)
 t - a +3 plate armour of fire resistance
Jewellery
 m - a ring of see invisible (left hand)
 o - a ring of protection from fire (right hand)
 p - an uncursed ring of positive energy {unknown}
 r - a cursed ring of teleportation {unknown}
Wands
 g - a wand of disintegration (33)
 q - a wand of clouds (3)
 s - a wand of digging (12)
Scrolls
 d - 7 scrolls of remove curse
 e - 4 scrolls of teleportation
 n - 3 scrolls of identify
Potions
 a - 2 potions of heal wounds
 h - 2 potions of flight
 j - 4 potions of curing
Comestibles
 c - 16 rations


   Skills:
 * Level 10.7 Fighting
 * Level 12.6 Short Blades
 * Level 6.6 Armour
 * Level 9.5 Dodging
 + Level 4.4 Evocations


You had 10 spell levels left.
You didn't know any spells.

Dungeon Overview and Level Annotations

Branches:
Dungeon (8/15)             Temple (0/1) D:4            Lair (3/6) D:8
  Swamp: Lair:2-4    Shoals: Lair:2-4     Snake: Lair:2-4    Spider: Lair:2-4

Altars:
Cheibriados
Uskayaw
Yredelemnul
Zin
The Shining One

Shops:
D:5 :


Innate Abilities, Weirdness & Mutations

You are small and have problems with some larger weapons.
You are carnivorous and can eat meat at any time.
You have a pair of small horns on your head.
You have sharp toenails.
You are agile. (Dex +2)
You tend to lose your temper in combat.


Message History

The blink frog is moderately wounded.
The blink frog blinks!
The blink frog closely misses you. The blink frog completely misses you.
The blink frog hits you!
* * * LOW HITPOINT WARNING * * *
You hit the blink frog. Your headbutt misses the blink frog.
The blink frog is moderately wounded.
You hit the blink frog. Your kick misses the blink frog.
The blink frog is heavily wounded.
The blink frog hits you!
* * * LOW HITPOINT WARNING * * *
The blink frog barely misses you.
You closely miss the blink frog. Your kick misses the blink frog.
The blink frog is heavily wounded.
The blink frog closely misses you. The blink frog misses you.
Okay, then.
A red film seems to cover your vision as you go berserk!
You feel yourself moving faster!
You feel mighty!
You feel a lot less full. The blink frog closely misses you.
The blink frog hits you!
You die...

### .......#. ##
##.......#######... .>.
........P##.PP#.........
........P...............
...>....................
........................
.......F................
......†@................
.##...F...$.........#..#
#....###.#..P....###.#
#....##..#.##....##...
......#.................
......#......#.....#....
.##....#......#....###..
.......P..###....##P..
#.........+##P.........


You could see 2 blink frogs.

Vanquished Creatures
  A minotaur (Lab)
  A hydra (Lair:1)
  The ghost of Snikeer the Soothsayer, a novice DsMo of Nemelex Xobeh (D:8)
  4 spiny frogs
  A komodo dragon (Lair:2)
  A hippogriff (Lair:2)
  2 blink frogs (Lair:3)
  The ghost of Query42 the Magician, an amateur VSSk (D:4)
  A wyvern (D:8)
  9 yaks
  Menkaure (D:7)
  2 water moccasins (Lair:2)
  4 porcupines
  2 phantoms
  A sky beast (D:7)
  2 black bears
  5 centaurs
  2 ogres
  5 crocodiles
  8 bullfrogs
  A wyvern skeleton (D:7)
  2 crimson imps (D:5)
  2 jellies
  7 orc wizards
  5 hounds
  A bullfrog skeleton (D:8)
  A centaur skeleton (D:4)
  An orc priest (D:4)
  An iguana (D:7)
  Ijyb (D:5)
  3 worker ants
  A killer bee zombie (D:7)
  A hound zombie (D:5)
  A hound skeleton (D:5)
  Robin (D:2)
  A howler monkey zombie (D:8)
  6 adders
  2 shadow imps
  An adder zombie (D:5)
  An adder skeleton (D:8)
  2 worms
  A dart slug (D:1)
  4 leopard geckos
  28 orcs
  2 giant cockroaches
  13 goblins
  2 hobgoblins
  3 jackals (D:4)
  3 quokkas (D:4)
  2 ball pythons
  3 bats
  7 frilled lizards
  10 kobolds
  2 quokka zombies
  7 rats
  A spectral orc (D:8)
184 creatures vanquished.

Notes
Turn   | Place    | Note
-------+----------+-------------------------------------------
     0 | D:1      | JeffiDaFish the Kobold Berserker began the quest for the Orb.
     0 | D:1      | Reached XP level 1. HP: 14/14 MP: 1/1
   251 | D:1      | Reached XP level 2. HP: 19/19 MP: 2/2
   731 | D:2      | Reached XP level 3. HP: 24/24 MP: 3/3
   925 | D:2      | Noticed Robin
   957 | D:2      | HP: 1/24 [goblin/club[Robin] (4)]
   960 | D:2      | Reached ** piety under Trog
   963 | D:2      | Killed Robin
   963 | D:2      | Reached XP level 4. HP: 2/29 MP: 4/4
   964 | D:2      | HP: 1/29 [frilled lizard (1)]
  1621 | D:3      | Reached skill level 5 in Short Blades
  2442 | D:4      | Noticed Query42's ghost (amateur VSSk)
  2449 | D:4      | Killed Query42's ghost
  2449 | D:4      | Reached skill level 6 in Short Blades
  2449 | D:4      | Reached XP level 5. HP: 34/34 MP: 5/5
  2449 | D:4      | Reached XP level 6. HP: 40/40 MP: 6/6
  2495 | D:4      | Reached skill level 5 in Fighting
  2675 | D:4      | Found a glowing silver altar of Zin.
  2676 | D:4      | Noticed an angel
  2698 | D:4      | Noticed a phantom
  2710 | D:4      | Killed a phantom
  2710 | D:4      | Reached XP level 7. HP: 44/44 MP: 7/7
  2997 | D:4      | Found a glowing golden altar of the Shining One.
  2999 | D:4      | Found a hide-covered altar of Uskayaw.
  3002 | D:4      | Found a snail-covered altar of Cheibriados.
  3049 | D:4      | Found a staircase to the Ecumenical Temple.
  3083 | D:4      | Reached skill level 7 in Short Blades
  3739 | D:5      | Entered Level 5 of the Dungeon
  3849 | D:5      | Noticed Ijyb
  3850 | D:5      | Paralysed by Ijyb for 4 turns
  3871 | D:5      | Killed Ijyb
  3910 | D:5      | Reached XP level 8. HP: 42/51 MP: 8/8
  3940 | D:5      | Got a jewelled leather armour
  3951 | D:5      | Identified the +3 leather armour of the Wilderness {rElec MR++ Int+3 Slay-2} (You found it on level 5 of the Dungeon)
  4167 | D:5      | Reached *** piety under Trog
  4167 | D:5      | Reached skill level 8 in Short Blades
  4210 | D:5      | Found Roanuedel's Book Boutique.
  4233 | D:5      | Found a glowing golden altar of the Shining One.
  4365 | D:5      | Reached skill level 5 in Dodging
  5137 | D:6      | Reached XP level 9. HP: 38/57 MP: 9/9
  5880 | D:7      | Reached skill level 9 in Short Blades
  5881 | D:7      | Noticed Menkaure
  5886 | D:7      | Killed Menkaure
  6840 | D:8      | Reached skill level 10 in Short Blades
  6938 | D:8      | Found a staircase to the Lair.
  7006 | D:8      | Noticed Snikeer's ghost (novice DsMo)
  7023 | D:8      | Killed Snikeer's ghost
  7023 | D:8      | Reached XP level 10. HP: 66/66 MP: 10/10
  7085 | D:8      | Reached **** piety under Trog
  7339 | D:8      | Found a basalt altar of Yredelemnul.
  7490 | Lair:1   | Entered Level 1 of the Lair of Beasts
  7745 | Lair:1   | Noticed a spiny frog
  7756 | Lair:1   | Killed a spiny frog
  7756 | Lair:1   | Reached skill level 11 in Short Blades
  7756 | Lair:1   | Reached skill level 5 in Armour
  7756 | Lair:1   | Reached skill level 1 in Evocations
  7918 | Lair:1   | Noticed a spiny frog
  7936 | Lair:1   | Killed a spiny frog
  8112 | Lair:1   | Identified the +9 falchion "Vonunopa" {slice, +Rage rPois} (You found it on level 1 of the Lair of Beasts)
  8209 | Lair:1   | Gained mutation: You have sharp toenails. [potion of mutation]
  8209 | Lair:1   | Gained mutation: You tend to lose your temper in combat. [potion of mutation]
  8209 | Lair:1   | Gained mutation: You are agile. (Dex +2) [potion of mutation]
  8209 | Lair:1   | Gained mutation: You have a pair of small horns on your head. [potion of mutation]
  8248 | Lair:1   | Noticed a four-headed hydra
  8256 | Lair:1   | Killed a four-headed hydra
  8459 | Lair:1   | Noticed a spiny frog
  8466 | Lair:1   | Killed a spiny frog
  8932 | Lair:2   | Reached skill level 10 in Fighting
  8932 | Lair:2   | Reached XP level 11. HP: 70/72 MP: 13/13
  9200 | Lair:2   | Reached skill level 12 in Short Blades
  9389 | Lair:2   | Found a labyrinth entrance.
  9406 | Lab      | Entered a labyrinth
  9505 | Lab      | Noticed a minotaur
  9515 | Lab      | Killed a minotaur
  9546 | Lab      | Identified the +4 plate armour of Mumblety Peg {rN+ Regen+ Int+10 Dex-2} (You took it off a minotaur in a labyrinth)
 10270 | Lair:3   | Slain by a blink frog

Vault maps used:
D:1:      dpeg_arrival_pond
D:2:      first_ration, uniq_robin
D:3:      minmay_misc_feat_roman
D:4:      grunt_temple_overflow_open, zin_angel, minmay_temple_entry_trees,
          minmay_statues_item, st_stairs_7
D:5:      serial_shops, shop, tso_metal_star, uniq_ijyb
D:7:      uniq_menkaure
D:8:      yredelemnul_forgotten_temple_becter, dpeg_oklobed_lair
Lair:1:   grunt_megastairs_1
Lair:2:   lab_entry_generic
Lair:3:   elwin_shoals_entry_rooms, disabler_island
Lab:      labyrinth_watery, nicolae_lab_do_over

Skill      XL: |  1  2  3  4  5  6  7  8  9 10 11 |
---------------+----------------------------------+-----
Dodging        | 3 4 5 6 8 9 |  9.5
Fighting       | 4 5 6 7 9 10 | 10.7
Short Blades   | 6 7 8 10 11 12 | 12.6
Armour         | 2 3 4 5 6 |  6.6
Evocations     | 3 4 |  4.4

Action                   |  1- 3 |  4- 6 |  7- 9 | 10-12 || total
-------------------------+-------+-------+-------+-------++-------
Melee: Short sword       |    88 |   115 |   330 |   198 ||   731
       Kick              |       |       |       |    57 ||    57
       Headbutt          |       |       |       |    38 ||    38
Invok: Berserk           |     2 |     3 |     7 |     7 ||    19
  Use: Scroll            |     4 |     2 |     9 |     4 ||    19
       Potion            |     4 |     1 |     4 |     3 ||    12
 Stab: Sleeping          |     1 |       |       |       ||     1
  Eat: Chunk             |     9 |     9 |    19 |    16 ||    53
Armor: Animal skin       |     5 |       |       |       ||     5
       Scale mail        |    22 |    33 |   118 |    22 ||   195
Dodge: Dodged            |    86 |    55 |   224 |    97 ||   462

Table legend:
 A = Spawn XP
 B = Non-spawn XP
 C = Spawn XP percentage of total XP
 D = Spawn monster count
 E = Non-spawn monster count
 F = Spawn count percentage of total count
 G = Total turns spent on level
                    A         B        C        D         E        F      G
               +---------+---------+-------+---------+---------+-------+---------
         Total |       0 |   13171 |   0.0 |       0 |     184 |   0.0 | 10270
               +---------+---------+-------+---------+---------+-------+---------
           D:1 |       0 |      25 |   0.0 |       0 |      17 |   0.0 |   626
           D:2 |       0 |      46 |   0.0 |       0 |      20 |   0.0 |   897
           D:3 |       0 |      52 |   0.0 |       0 |      15 |   0.0 |   910
           D:4 |       0 |     667 |   0.0 |       0 |      24 |   0.0 |  1306
           D:5 |       0 |     703 |   0.0 |       0 |      20 |   0.0 |   877
           D:6 |       0 |     507 |   0.0 |       0 |      14 |   0.0 |  1256
           D:7 |       0 |     768 |   0.0 |       0 |      18 |   0.0 |   945
           D:8 |       0 |    1585 |   0.0 |       0 |      20 |   0.0 |   673
        Lair:1 |       0 |    3402 |   0.0 |       0 |      12 |   0.0 |  1437
        Lair:2 |       0 |    3087 |   0.0 |       0 |      19 |   0.0 |  1114
        Lair:3 |       0 |    1052 |   0.0 |       0 |       4 |   0.0 |    83
           Lab |       0 |    1277 |   0.0 |       0 |       1 |   0.0 |   146
               +---------+---------+-------+---------+---------+-------+---------
